 Dungeon Crawl Stone Soup version 0.30.0-29-ga12c61a403 (webtiles) character file.

Game seed: 15851392469192290214

784 AlmostDecent the Chiller (level 7, -1/51 HPs)
             Began as a Gnoll Ice Elementalist on June 8, 2023.
             Was an Initiate of Vehumet.
             Killed from afar by a frost-covered statue (15 damage)
             ... with a puff of frost
             ... on level 5 of the Dungeon.
             The game lasted 00:12:09 (3404 turns).

AlmostDecent the Chiller (Gnoll Ice Elementalist)   Turns: 3404, Time: 00:12:09

Health: -1/51      AC:  2    Str: 13    XL:     7   Next: 86%
Magic:  15/15      EV: 15    Int: 24    God:    Vehumet [......]
Gold:   225        SH:  0    Dex: 18    Spells: 10/17 levels left

rFire   . . .        v - +4 spear "Xiech" {spect, rPois rC- Str+5 Int+2}
rCold   x . .        t - orb {light}
rNeg    . . .        a - +0 robe
rPois   +            (no helmet)
rElec   .            (no cloak)
rCorr   .            (no gloves)
SInv    .            (no boots)
Will    .....        (no amulet)
Stlth   ++           m - +6 ring of dexterity
HPRegen 0.28/turn    l - +6 ring of intelligence
MPRegen 0.14/turn

%: no passive effects
@: glowing
A: fangs 1, strong nose, distributed training
a: Renounce Religion


You were on level 5 of the Dungeon.
You worshipped Vehumet.
Vehumet was noncommittal.
You visited 1 branch of the dungeon, and saw 5 of its levels.

You collected 225 gold pieces.

Inventory:

Hand Weapons
 n - a +1 short sword
 v - the +4 spear "Xiech" (weapon) {spect, rPois rC- Str+5 Int+2}
   (You found it on level 3 of the Dungeon)

   Str:       It affects your strength (+5).
   Int:       It affects your intelligence (+2).
   rC:        It makes you vulnerable to cold.
   rPois:     It protects you from poison.
Missiles
 o - 2 throwing nets
Armour
 a - a +0 robe (worn)
 t - an orb of light (worn)
Jewellery
 j - a ring of willpower
 l - a +6 ring of intelligence (right hand)
 m - a +6 ring of dexterity (left hand)
Wands
 q - a wand of flame (19)
 y - a wand of paralysis (9)
Scrolls
 c - a scroll of teleportation
 d - a scroll of silence
 e - a scroll of fog
 g - a scroll of immolation
 i - 2 scrolls of vulnerability
 k - a scroll of blinking {unknown}
 x - a scroll of poison
 A - a scroll of enchant weapon
Potions
 b - a potion of magic
 f - a potion of berserk rage
 h - 2 potions of heal wounds
 p - 2 potions of curing
 r - a potion of haste
 s - 2 potions of degeneration
 u - a potion of lignification {unknown}
 w - 2 potions of flight
 z - a potion of ambrosia


   Skills:
 + Level 2.8 Fighting
 + Level 2.8 Short Blades
 + Level 2.8 Long Blades
 + Level 2.8 Axes
 + Level 2.8 Maces & Flails
 + Level 2.8 Polearms
 + Level 2.8 Staves
 + Level 2.8 Ranged Weapons
 + Level 2.8 Throwing
 + Level 2.8 Armour
 + Level 5.4 Dodging
 + Level 5.1 Stealth
 + Level 2.8 Shields
 + Level 2.8 Unarmed Combat
 + Level 5.8 Spellcasting
 + Level 2.3 Conjurations
 + Level 2.3 Hexes
 + Level 2.3 Summonings
 + Level 2.3 Necromancy
 + Level 2.3 Translocations
 + Level 2.3 Transmutations
 + Level 2.3 Fire Magic
 + Level 7.5 Ice Magic
 + Level 2.3 Air Magic
 + Level 2.3 Earth Magic
 + Level 2.3 Poison Magic
 + Level 3.1 Invocations
 + Level 2.8 Evocations


You had 10 spell levels left.
You knew the following spells:

 Your Spells              Type           Power      Damage    Failure   Level
a - Freeze                Ice            100%       1d10      1%          1
b - Frozen Ramparts       Ice            86%        1d13      1%          3
c - Ozocubu's Armour      Ice            43%        N/A       1%          3

Your spell library contained the following spells:

 Spells                   Type           Power      Damage    Failure   Level
 Summon Ice Beast         Ice/Summ       30%        N/A       11%         4


Dungeon Overview and Level Annotations

Branches:
Dungeon (5/15)
 Temple: D:4-7

Altars:
Ashenzari
Cheibriados
Fedhas
Nemelex Xobeh
Uskayaw
Vehumet
Xom
Zin
The Shining One

Annotations:
D:5 exclusion: statue


Innate Abilities, Weirdness & Mutations

You have very sharp teeth.
Your uncanny sense of smell can sniff out nearby items.
Your experience applies equally to all skills.


Message History

A - a scroll of enchant weapon You hear the quick rusting of a drain nearby.
A frost-covered statue comes into view.
Found a radiant altar of Vehumet.
Marking area around a frost-covered statue as unsafe for travelling.
The frost-covered statue gestures at you.
The puff of frost hits you!
You feel a terrible chill!
There is a radiant altar of Vehumet here.
You kneel at the altar of Vehumet.
Vehumet welcomes you!
You reach to attack!
You hit the frost-covered statue but do no damage.
Your +4 spear "Xiech" {spect, rPois rC- Str+5 Int+2} hits the frost-covered statue.
You reach to attack!
You hit the frost-covered statue but do no damage.
The frost-covered statue is lightly damaged.
Your +4 spear "Xiech" {spect, rPois rC- Str+5 Int+2} hits the frost-covered statue but does no damage.
You reach to attack!
You hit the frost-covered statue but do no damage.
Your +4 spear "Xiech" {spect, rPois rC- Str+5 Int+2} hits the frost-covered statue but does no damage.
You reach to attack!
You hit the frost-covered statue but do no damage.
Your +4 spear "Xiech" {spect, rPois rC- Str+5 Int+2} hits the frost-covered statue but does no damage.
You reach to attack!
You hit the frost-covered statue but do no damage.
Your +4 spear "Xiech" {spect, rPois rC- Str+5 Int+2} hits the frost-covered statue but does no damage.
The frost-covered statue gestures at you.
The puff of frost hits you!
You feel a terrible chill!
You reach to attack!
You hit the frost-covered statue but do no damage.
Your +4 spear "Xiech" {spect, rPois rC- Str+5 Int+2} hits the frost-covered statue but does no damage.
The frost-covered statue gestures at you.
The puff of frost hits you!
You feel a terrible chill!
* * * LOW HITPOINT WARNING * * *
Your +4 spear "Xiech" {spect, rPois rC- Str+5 Int+2} disappears.
The frost-covered statue gestures at you.
The puff of frost misses you.
The frost-covered statue gestures at you.
The puff of frost hits you!
You feel a terrible chill!
You die...

.. ## .# . ##. #..∆
#.######### #.#.......#
#..@.._.8.# ##
##.#.......#..#
#..#########..#
#.............#
##.†...###..#..#
##########.......##.....#
#................##..##.#
#.########.......##.## #
#.# ########....###.##


You could see a frost-covered statue.

Vanquished Creatures
  A water moccasin (D:5)
  A sky beast (D:3)
  2 black bears
  A scorpion (D:5)
  A hound (D:5)
  3 iguanas
  3 orc wizards (D:5)
  A mummy (D:4)
  6 adders
  An ufetubus (D:5)
  2 worms
  A dart slug (D:3)
  5 orcs
  5 bats
  7 endoplasms
  4 giant cockroaches
  7 goblins
  7 hobgoblins
  9 jackals
  2 quokkas
  8 ball pythons
  4 kobolds
  4 rats
85 creatures vanquished.

Notes
Turn   | Place    | Note
-------+----------+-------------------------------------------
     0 | D:1      | AlmostDecent the Gnoll Ice Elementalist began the quest for
                  | the Orb.
     0 | D:1      | Reached XP level 1. HP: 13/13 MP: 6/6
   233 | D:1      | Reached XP level 2. HP: 19/19 MP: 5/7
   659 | D:2      | Found a faded altar of an unknown god.
  1053 | D:2      | Found a shimmering altar of Xom.
  1141 | D:2      | Reached skill level 5 in Spellcasting
  1141 | D:2      | Reached XP level 3. HP: 25/25 MP: 6/9
  1145 | D:2      | Learned a level 3 spell: Frozen Ramparts
  1152 | D:2      | Learned a level 3 spell: Ozocubu's Armour
  1562 | D:3      | Reached skill level 1 in Invocations
  1583 | D:3      | Found a broken altar of Ashenzari.
  1584 | D:3      | Found a glowing silver altar of Zin.
  1694 | D:3      | Noticed a sky beast
  1705 | D:3      | Killed a sky beast
  1706 | D:3      | Reached skill level 1 in Fighting
  1706 | D:3      | Reached skill level 1 in Short Blades
  1706 | D:3      | Reached skill level 1 in Long Blades
  1706 | D:3      | Reached skill level 1 in Axes
  1706 | D:3      | Reached skill level 1 in Maces & Flails
  1706 | D:3      | Reached skill level 1 in Polearms
  1706 | D:3      | Reached skill level 1 in Staves
  1706 | D:3      | Reached skill level 1 in Ranged Weapons
  1706 | D:3      | Reached skill level 1 in Throwing
  1706 | D:3      | Reached skill level 1 in Armour
  1706 | D:3      | Reached skill level 1 in Shields
  1706 | D:3      | Reached skill level 1 in Unarmed Combat
  1706 | D:3      | Reached skill level 1 in Conjurations
  1706 | D:3      | Reached skill level 1 in Hexes
  1706 | D:3      | Reached skill level 1 in Summonings
  1706 | D:3      | Reached skill level 1 in Necromancy
  1706 | D:3      | Reached skill level 1 in Translocations
  1706 | D:3      | Reached skill level 1 in Transmutations
  1706 | D:3      | Reached skill level 1 in Fire Magic
  1706 | D:3      | Reached skill level 1 in Air Magic
  1706 | D:3      | Reached skill level 1 in Earth Magic
  1706 | D:3      | Reached skill level 1 in Poison Magic
  1706 | D:3      | Reached skill level 1 in Evocations
  1706 | D:3      | Reached XP level 4. HP: 20/32 MP: 6/11
  1706 | D:3      | Reached XP level 5. HP: 23/37 MP: 6/12
  1832 | D:3      | Identified the +4 spear "Xiech" {spect, rPois rC- Str+5
                  | Int+2}
  1895 | D:3      | Found a glowing golden altar of the Shining One.
  1896 | D:3      | Found a hide-covered altar of Uskayaw.
  1900 | D:3      | Found a blossoming altar of Fedhas.
  2133 | D:4      | Found a snail-covered altar of Cheibriados.
  2307 | D:4      | Noticed a black bear
  2310 | D:4      | Killed a black bear
  2311 | D:4      | Reached skill level 5 in Dodging
  2311 | D:4      | Reached XP level 6. HP: 44/44 MP: 10/14
  2870 | D:5      | Entered Level 5 of the Dungeon
  3059 | D:5      | Reached XP level 7. HP: 50/50 MP: 11/15
  3164 | D:5      | Found a sparkling altar of Nemelex Xobeh.
  3222 | D:5      | Reached skill level 5 in Stealth
  3389 | D:5      | Found a radiant altar of Vehumet.
  3395 | D:5      | Became a worshipper of Vehumet
  3404 | D:5      | Killed from afar by a frost-covered statue

Illustrated notes

Levels and vault maps discovered:
D:1:      lightli_arrival_maybe_door_vault, layout_rooms,
          kennysheep_flooded_box, chequers_arboretum
D:2:      layout_loops_corners, shapermc_ecumenical_altar_totnotflames,
          basic_altar
D:3:      layout_rooms, nicolae_overflow_hidden_temple
D:4:      layout_basic, slow_altar_1
D:5:      layout_loops_ring, nemelex_xobeh_ov_fountains_minmay, vehumet_statue,
          portal_sewer_entry_f

Skill      XL: |  1  2  3  4  5  6  7 |
---------------+----------------------+-----
Spellcasting   | 5 |  5.8
Invocations    | 1 2 3 |  3.1
Fighting       | 1 2 |  2.8
Short Blades   | 1 2 |  2.8
Long Blades    | 1 2 |  2.8
Axes           | 1 2 |  2.8
Maces & Flails | 1 2 |  2.8
Polearms       | 1 2 |  2.8
Staves         | 1 2 |  2.8
Ranged Weapons | 1 2 |  2.8
Throwing       | 1 2 |  2.8
Armour         | 1 2 |  2.8
Shields        | 1 2 |  2.8
Unarmed Combat | 1 2 |  2.8
Conjurations   | 1 2 |  2.3
Hexes          | 1 2 |  2.3
Summonings     | 1 2 |  2.3
Necromancy     | 1 2 |  2.3
Translocations | 1 2 |  2.3
Transmutations | 1 2 |  2.3
Fire Magic     | 1 2 |  2.3
Air Magic      | 1 2 |  2.3
Earth Magic    | 1 2 |  2.3
Poison Magic   | 1 2 |  2.3
Evocations     | 1 2 |  2.8
Dodging        | 5 |  5.4
Stealth        | 5 |  5.1
Ice Magic      | |  7.5

Action                     |  1- 3 |  4- 6 |  7- 9 || total
---------------------------+-------+-------+-------++-------
  Melee: Unarmed           |     6 |       |       ||     6
         Short sword       |     7 |       |       ||     7
         Bite              |     1 |     6 |     5 ||    12
         Spear             |       |    51 |    33 ||    84
   Cast: Freeze            |    48 |     7 |       ||    55
         Frozen Ramparts   |       |     4 |     1 ||     5
    Use: Potion            |     1 |       |       ||     1
         Scroll            |       |    15 |       ||    15
   Stab: Sleeping          |       |     5 |     1 ||     6
 Armour: Robe              |     7 |     3 |     1 ||    11
  Dodge: Dodged            |    29 |    14 |    14 ||    57
